 Dungeon Crawl Stone Soup version 0.27.1-3-gb3d3a73c9e (webtiles) character file.

Game seed: 13983211466274823375

406 Eitelfritz the Bolt Thrower (level 7, -2/41 HPs)
             Began as a Kobold Hunter on Oct 25, 2021.
             Slain by Duvessa (7 damage)
             ... on level 4 of the Dungeon.
             The game lasted 00:10:08 (3684 turns).

Eitelfritz the Bolt Thrower (Kobold Hunter)         Turns: 3684, Time: 00:10:08

Health: -2/41      AC:  8    Str: 11    XL:     7   Next: 12%
Magic:  7/7        EV: 13    Int: 12    God:
Gold:   223        SH:  0    Dex: 16    Spells: 6/6 levels left

rFire    . . .     SeeInvis .   b - +0 short sword
rCold    . . .     Faith    .   (shield restricted)
rNeg     . . .     Spirit   .   s - +0 ring mail
rPois    .         Reflect  .   n - +1 helmet
rElec    .         Harm     .   (no cloak)
rCorr    .         Rampage  .   p - +0 pair of gloves
Will     .....                  (no boots)
Stlth    +++.......             (no amulet)
HPRegen  0.13/turn              e - +4 ring of slaying
MPRegen  0.10/turn              (no ring)

@: mighty
A: small, no large weapons, nightstalker 3
a: no special abilities


You were on level 4 of the Dungeon.
You visited 1 branch of the dungeon, and saw 4 of its levels.

You collected 223 gold pieces.

Inventory:

Hand Weapons
 a - a +1 hand crossbow
 b - a +0 short sword (weapon)
Missiles
 d - 28 bolts
Armour
 n - a +1 helmet (worn)
 p - a +0 pair of gloves (worn)
 s - a +0 ring mail (worn)
Jewellery
 e - a +4 ring of slaying (left hand)
Scrolls
 c - a scroll of acquirement {unknown}
 j - 3 scrolls of teleportation {unknown}
 m - a scroll of identify
Potions
 f - a potion of berserk rage {unknown}
 g - a potion of invisibility {unknown}
 h - a potion of might
 i - a potion of haste {unknown}
 k - 2 potions of attraction {unknown}
 l - 3 potions of curing {unknown}
 q - a potion of brilliance {unknown}
 r - 2 potions of mutation {unknown}
 u - a potion of heal wounds {unknown}


   Skills:
 + Level 3.2 Fighting
 + Level 2.9 Short Blades
 + Level 7.2 Crossbows
 + Level 1.8 Armour
 + Level 3.2 Dodging
 * Level 3.4 Stealth


You had 6 spell levels left.
You didn't know any spells.
Your spell library contained the following spells:

 Spells                   Type           Power      Damage    Failure   Level
 Blink                    Tloc           N/A        N/A       75%         2
 Lesser Beckoning         Tloc           0%         N/A       93%         3
 Manifold Assault         Tloc           0%         N/A       100%        5


Dungeon Overview and Level Annotations

Branches:
Dungeon (4/15)
 Temple: D:4-7

Altars:
Gozag

Annotations:
D:4 Dowan, Duvessa


Innate Abilities, Weirdness & Mutations

You are small and have problems with some larger weapons.
You are completely attuned to the shadows.


Message History

Aim: Duvessa, wielding a +0 rapier and wearing a +3 leather armour (moderately wounded, 74% to hit)
You shoot a bolt.
The bolt hits Duvessa but does no damage.
Duvessa is moderately wounded.
Duvessa hits you with a +0 rapier.
Fire: 29 bolts
Press: ? - help, Q - select action Shift-Dir - straight line, f/p - Duvessa
Aim: Duvessa, wielding a +0 rapier and wearing a +3 leather armour (moderately wounded, 74% to hit)
You shoot a bolt. The bolt barely misses Duvessa.
Duvessa hits you with a +0 rapier.
b - a +0 short sword (weapon)
You hit Duvessa.
Duvessa is heavily wounded.
Duvessa closely misses you.
You closely miss Duvessa.
Duvessa is heavily wounded.
Duvessa hits you with a +0 rapier!
You hit Duvessa.
Duvessa is heavily wounded.
Dowan casts a spell.
Dowan blinks!
Duvessa says, "When magic and the sword combine, nothing stands against them."
Duvessa barely misses you.
You hit Duvessa.
Duvessa is severely wounded.
Duvessa hits you with a +0 rapier!
You closely miss Duvessa.
Duvessa is severely wounded.
Duvessa barely misses you.
You puncture Duvessa!
Duvessa is almost dead.
Duvessa closely misses you.
You barely miss Duvessa.
Duvessa is almost dead.
Duvessa hits you with a +0 rapier!
* * * LOW HITPOINT WARNING * * *
Dowan hits you but does no damage.
You feel very mighty all of a sudden. Duvessa hits you with a +0 rapier!
You die...

#..# .# #.# #..#
#.# #.# #e.# #
#.##.# # #..#
.#. #.#.##
#.###.#######..#
##....
#.............#.
##.#.##
................
#..#.#
###.#.#####.####
#.#.#.#
#.#(.(e@e.....
..##.#.#
#.#######.####
.# #.#.# .. #)#
#.# # #.# #.#.#
#.# .###.#.# #.#
.......#
#?#########.###
#.[.........#
#############


You could see Duvessa and Dowan.

Vanquished Creatures
  A black bear (D:4)
  An orc priest (D:4)
  2 hounds
  2 orc wizards (D:4)
  A hound skeleton (D:4)
  Robin (D:2)
  3 gnolls (D:2)
  4 adders
  An adder skeleton (D:4)
  3 worms
  6 orcs
  3 bats
  5 endoplasms
  6 giant cockroaches
  10 goblins
  6 hobgoblins
  2 quokkas
  4 ball pythons
  5 frilled lizards
  3 kobolds
  7 rats
76 creatures vanquished.

Notes
Turn   | Place    | Note
-------+----------+-------------------------------------------
     0 | D:1      | Eitelfritz the Kobold Hunter began the quest for the Orb.
     0 | D:1      | Reached XP level 1. HP: 12/12 MP: 1/1
    72 | D:1      | Reached skill level 5 in Crossbows
   412 | D:1      | Reached XP level 2. HP: 17/17 MP: 2/2
   475 | D:1      | Reached skill level 1 in Short Blades
   819 | D:1      | Found a faded altar of an unknown god.
   862 | D:1      | Reached XP level 3. HP: 21/21 MP: 3/3
  1192 | D:2      | Reached XP level 4. HP: 21/27 MP: 4/4
  1492 | D:2      | Reached skill level 6 in Crossbows
  1729 | D:2      | Noticed Robin
  1769 | D:2      | HP: 1/27 [Robin (2)]
  1781 | D:2      | Killed Robin
  2577 | D:2      | Reached skill level 1 in Armour
  2577 | D:2      | Reached XP level 5. HP: 31/31 MP: 5/5
  2782 | D:3      | Found an opulent altar of Gozag.
  3452 | D:4      | Reached XP level 6. HP: 36/36 MP: 6/6
  3514 | D:4      | Noticed a black bear
  3520 | D:4      | Killed a black bear
  3521 | D:4      | Reached skill level 7 in Crossbows
  3521 | D:4      | Reached XP level 7. HP: 41/41 MP: 7/7
  3655 | D:4      | Noticed Duvessa
  3656 | D:4      | Noticed Dowan
  3684 | D:4      | Slain by Duvessa

Illustrated notes

Levels and vault maps discovered:
D:1:      wheals_arrival_shading, layout_basic, ebering_ecumenical_altar_ruins,
          chequers_decorated_corner
D:2:      layout_basic, uniq_robin
D:3:      kennysheep_six_static_rooms, layout_rooms,
          nicolae_overflow_hidden_temple, kennysheep_pointless_box
D:4:      layout_loops_ring, minmay_temple_entry_statues_pillars,
          biasface_ghost_orc_armoury, uniq_duvessa

Skill      XL: |  1  2  3  4  5  6 |
---------------+-------------------+-----
Crossbows      | 5 6 7 |  7.2
Short Blades   | 1 2 |  2.9
Armour         | 1 |  1.8
Stealth        | 2 3 |  3.4
Fighting       | 3 |  3.2
Dodging        | 3 |  3.2

Action                   |  1- 3 |  4- 6 |  7- 9 || total
-------------------------+-------+-------+-------++-------
Melee: Short sword       |    16 |    71 |     7 ||    94
 Fire: Hand crossbow     |    30 |    61 |    21 ||   112
  Use: Potion            |       |     1 |     1 ||     2
       Scroll            |       |     6 |       ||     6
Armor: Leather armour    |     4 |     7 |       ||    11
       Ring mail         |       |     9 |     3 ||    12
Dodge: Dodged            |    13 |    58 |     9 ||    80
